 Dungeon Crawl Stone Soup version 0.32-a0-928-g1cae6b7ea0 (webtiles) character file.

Game seed: 396585965387942337

186 zazu2006 the Carver (level 5, -2/38 HPs)
             Began as a Gnoll Wanderer on Apr 12, 2024.
             Slain by an orc priest
             ... wielding a +0 falchion
              (8 damage)
             ... on level 3 of the Dungeon.
             The game lasted 00:02:57 (632 turns).

zazu2006 the Carver (Gnoll Wanderer)                 Turns: 632, Time: 00:02:57

Health: -2/38      AC:  2    Str:  8    XL:     5   Next: 66%
Magic:  8/9        EV: 11    Int: 11    God:
Gold:   88         SH:  0    Dex: 17    Spells: 9/10 levels left

rFire   + . .        a - +2 falchion
rCold   + . .        (no shield)
rNeg    . . .        e - +0 robe
rPois   .            (no helmet)
rElec   .            i - scarf {rC+ rF+}
rCorr   .            (no gloves)
SInv    .            (no boots)
Will    .....        (no amulet)
Stlth   ++           (no ring)
HPRegen 0.26/turn    (no ring)
MPRegen 0.11/turn

%: no passive effects
@: mighty
A: fangs 1, strong nose, distributed training
a: Convert to Beogh


You were on level 3 of the Dungeon.
You visited 1 branch of the dungeon, and saw 3 of its levels.

You collected 88 gold pieces.

Inventory:

Hand Weapons
 a - a +2 falchion (weapon)
 c - a +0 dagger
Missiles
 b - 14 poisoned darts (quivered)
Armour
 e - a +0 robe (worn)
 i - a scarf of resistance (worn)
 l - a +0 leather armour
Scrolls
 f - 3 scrolls of identify {unknown}
 h - a scroll of immolation {unknown}
 k - a scroll of torment {unknown}
 n - a scroll of brand weapon {unknown}
Potions
 g - a potion of curing {unknown}
 j - a potion of cancellation {unknown}
 m - a potion of degeneration {unknown}
 o - a potion of heal wounds {unknown}
 p - a potion of resistance {unknown}


   Skills:
 + Level 1.6 Fighting
 + Level 1.6 Short Blades
 + Level 10.5 Long Blades
 + Level 1.6 Axes
 + Level 1.6 Maces & Flails
 + Level 1.6 Polearms
 + Level 1.6 Staves
 + Level 1.6 Ranged Weapons
 + Level 4.8 Throwing
 + Level 3.1 Armour
 + Level 1.6 Dodging
 + Level 1.6 Stealth
 + Level 1.6 Shields
 + Level 1.6 Unarmed Combat
 + Level 3.2 Spellcasting
 + Level 1.3 Conjurations
 + Level 1.3 Hexes
 + Level 1.3 Summonings
 + Level 1.3 Necromancy
 + Level 1.3 Translocations
 + Level 1.3 Fire Magic
 + Level 2.5 Ice Magic
 + Level 1.3 Air Magic
 + Level 1.3 Earth Magic
 + Level 1.3 Alchemy
 + Level 1.9 Invocations
 + Level 1.6 Evocations
 + Level 1.5 Shapeshifting


You had 9 spell levels left.
You knew the following spells:

 Your Spells              Type           Power      Damage    Failure   Level
a - Freeze                Ice            28%        1d5       10%         1

Your spell library contained the following spells:

 Spells                   Type           Power      Damage    Failure   Level
 Frozen Ramparts          Ice            14%        1d3       28%         3
 Tukima's Dance           Hex            4%         N/A       41%         3
 Passage of Golubria      Tloc           4%         N/A       83%         4
 Yara's Violent Unravell  Hex/Alch       2%         3d3       99%         5


Dungeon Overview and Level Annotations

Branches:
Dungeon (3/15)

Altars:


Innate Abilities, Weirdness & Mutations

You have very sharp teeth.
Your uncanny sense of smell can sniff out nearby items.
Your experience applies equally to all skills.


Message History

(press Y on the ability menu to convert to Beogh) Unknown command.
Things that are here:
a +0 mace of protection; a +0 ring mail You start resting.
An orc priest is nearby!
You barely miss the orc priest. You bite the orc priest.
The orc priest is lightly wounded.
The orc priest mumbles some strange prayers to Beogh against you.
You barely resist. You closely miss the orc priest.
The orc priest is lightly wounded.
The orc priest mumbles some strange prayers to Beogh against you.
Pain shoots through your body!
You closely miss the orc priest.
The orc priest shouts, "Beogh offers mercy even to people such as you.
Join us and be reborn!"
The orc priest is lightly wounded.
Casting: Freeze (safe; 10% risk of failure)
Confirm with . or Enter, or press ? or * to list all spells.
Aiming: Freeze (safe; 10% risk of failure)
Press: ? - help, Shift-Dir - straight line, f - orc priest
Aim: an orc priest, wielding a +0 falchion (lightly wounded)
You freeze the orc priest.
The orc priest is lightly wounded.
The orc priest hits you with a +0 falchion!
* * * LOW HITPOINT WARNING * * *
You feel very mighty all of a sudden.
The orc priest shouts, "Surrender to Beogh and we'll let you live!"
The orc priest barely misses you.
You barely miss the orc priest.
The orc priest is lightly wounded.
The orc priest barely misses you.
You closely miss the orc priest.
The orc priest is lightly wounded.
The orc priest closely misses you.
The orc priest threatens, "Beogh's wrath is as vast as their mercy.
Make your choice!"
You hit the orc priest.
The orc priest is moderately wounded.
The orc priest hits you with a +0 falchion!
You die...

##.##### #....#
#####.# #.#
#....# #.# .#
#.# #....#
#.##.# #####'###
#....# #.##.#
#.......# #†...#
#.##.# #.......#
###### #.##.#
#.......# #..#.#
#.......########
##.#.#
#.........))@o.#
#...#
#.......######.#
####..#
#.......# #.#
#......
#.......# #.#
##+####†
######### #.#
........ #.#
.....### #o#
....∆ ##
#.......# ... #.
#.......# ## #.


You could see an orc priest.

Vanquished Creatures
  Sigmund (D:2)
  An adder (D:2)
  A dart slug (D:2)
  3 ribbon worms
  2 orcs (D:3)
  A ball python (D:3)
  3 bats
  2 endoplasms
  A giant cockroach (D:1)
  2 goblins (D:2)
  A hobgoblin (D:2)
  4 jackals (D:2)
  A quokka (D:2)
  A frilled lizard (D:2)
  A kobold (D:2)
  A rat (D:2)
26 creatures vanquished.

Notes
Turn   | Place    | Note
-------+----------+-------------------------------------------
     0 | D:1      | Reached skill level 10 in Long Blades
     0 | D:1      | zazu2006 the Gnoll Wanderer began the quest for the Orb.
     0 | D:1      | zazu2006 set off with the following items: a +2 falchion,
                  | 14 poisoned darts, a +0 dagger, a potion of might, a +0
                  | robe; and the following spell memorised: Freeze; and the
                  | following spells available to memorise: Frozen Ramparts.
     0 | D:1      | Reached XP level 1. HP: 13/13 MP: 4/4
    98 | D:2      | Reached XP level 2. HP: 16/20 MP: 5/5
   144 | D:2      | Reached XP level 3. HP: 16/25 MP: 2/7
   229 | D:2      | Noticed Sigmund
   244 | D:2      | Killed Sigmund
   245 | D:2      | Reached skill level 1 in Fighting
   245 | D:2      | Reached skill level 1 in Short Blades
   245 | D:2      | Reached skill level 1 in Axes
   245 | D:2      | Reached skill level 1 in Maces & Flails
   245 | D:2      | Reached skill level 1 in Polearms
   245 | D:2      | Reached skill level 1 in Staves
   245 | D:2      | Reached skill level 1 in Ranged Weapons
   245 | D:2      | Reached skill level 1 in Dodging
   245 | D:2      | Reached skill level 1 in Stealth
   245 | D:2      | Reached skill level 1 in Shields
   245 | D:2      | Reached skill level 1 in Unarmed Combat
   245 | D:2      | Reached skill level 1 in Conjurations
   245 | D:2      | Reached skill level 1 in Hexes
   245 | D:2      | Reached skill level 1 in Summonings
   245 | D:2      | Reached skill level 1 in Necromancy
   245 | D:2      | Reached skill level 1 in Translocations
   245 | D:2      | Reached skill level 1 in Fire Magic
   245 | D:2      | Reached skill level 1 in Air Magic
   245 | D:2      | Reached skill level 1 in Earth Magic
   245 | D:2      | Reached skill level 1 in Alchemy
   245 | D:2      | Reached skill level 1 in Invocations
   245 | D:2      | Reached skill level 1 in Evocations
   245 | D:2      | Reached skill level 1 in Shapeshifting
   245 | D:2      | Reached XP level 4. HP: 32/32 MP: 8/8
   245 | D:2      | Reached XP level 5. HP: 37/37 MP: 9/9
   632 | D:3      | Slain by an orc priest

Illustrated notes

Levels and vault maps discovered:
D:1:      minmay_arrival_radiant_lines, layout_loops_cross,
          shapermc_ecumenical_altar_acropolis
D:2:      layout_basic, uniq_sigmund, uniq_jessica
D:3:      layout_basic, nicolae_ru_great_annihilating_truth

Skill      XL: |  1  2  3 |
---------------+----------+-----
Long Blades    | | 10.5
Ice Magic      | 2 |  2.5
Fighting       | 1 |  1.6
Short Blades   | 1 |  1.6
Axes           | 1 |  1.6
Maces & Flails | 1 |  1.6
Polearms       | 1 |  1.6
Staves         | 1 |  1.6
Ranged Weapons | 1 |  1.6
Armour         | 3 |  3.1
Dodging        | 1 |  1.6
Stealth        | 1 |  1.6
Shields        | 1 |  1.6
Unarmed Combat | 1 |  1.6
Spellcasting   | 3 |  3.2
Conjurations   | 1 |  1.3
Hexes          | 1 |  1.3
Summonings     | 1 |  1.3
Necromancy     | 1 |  1.3
Translocations | 1 |  1.3
Fire Magic     | 1 |  1.3
Air Magic      | 1 |  1.3
Earth Magic    | 1 |  1.3
Alchemy        | 1 |  1.3
Invocations    | 1 |  1.9
Evocations     | 1 |  1.6
Shapeshifting  | 1 |  1.5
Throwing       | |  4.8

Action                     |  1- 3 |  4- 6 || total
---------------------------+-------+-------++-------
  Melee: Falchion          |    49 |    43 ||    92
         Bite              |     3 |     7 ||    10
   Cast: Freeze            |     7 |     2 ||     9
    Use: Potion            |       |     1 ||     1
   Stab: Sleeping          |     1 |     1 ||     2
 Armour: Robe              |    20 |    20 ||    40
  Dodge: Dodged            |    28 |    13 ||    41

Table legend: (Time is in decaauts)
 A = Elapsed time spent in this place.
 B = Non-inter-level travel time spent in this place.
 C = Inter-level travel time spent in this place.
 D = Time resting spent in this place.
 E = Time spent auto-exploring this place.
 F = Levels seen in this place.
 G = Mean time per level.
                   A        B        C        D        E       F      G
               +--------+--------+--------+--------+--------+-----+--------+
         Total |    611 |    553 |     58 |      4 |    105 |   3 |  203.7 |
       Dungeon |    611 |    553 |     58 |      4 |    105 |   3 |  203.7 |
               +--------+--------+--------+--------+--------+-----+--------+

Top non-repeatable levels by time:
     D:2: 341 daAuts
     D:3: 186 daAuts
     D:1: 84 daAuts
